General information
- name: BNet
- type: Ladder team game (AT/RT)
- host: Battle.net
- saver: JacquesBreI
map: Deadlock
- players: 8
- length: 41:38
- speed: Fast
- version: 1.26 W3XP
- replay type: Public
» download(217 KB)
Players
team 1 (loser)

»
Celebrieigil (
yellow | 38 APM | 1549 actions | 40:47)
9 Demon Hunter
3 Immolation
3 Evasion
1 Metamorphosis
2 Mana Burn
» actions
| Assign group hotkey | 93 | |
| Build / train | 115 | |
| Enter build submenu | 31 | |
| Enter hero's abilities submenu | 9 | |
| Give item / drop item | 1 | |
| Right click | 428 | |
| Select / deselect | 304 | |
| Select group hotkey | 498 | |
| Use ability | 70 | |
1549 total
» units
| Wisp | 32 | |
| Archer | 9 | |
| Huntress | 3 | |
| Chimaera | 13 | |
| Hippogryph | 33 | |
90 total
» upgrades
| Strength of the Wild | 3 | |
| Reinforced Hides | 3 | |
| Corrosive Breath | 1 | |
| Nature's Blessing | 1 | |
8 total
» buildings
| Moon Well | 10 | |
| Altar of Elders | 2 | |
| Ancient of War | 2 | |
| Tree of Ages | 1 | |
| Tree of Life | 2 | |
| Hunter's Hall | 1 | |
| Tree of Eternity | 1 | |
| Ancient of Wind | 2 | |
| Ancient of Wonders | 2 | |
| Chimaera Roost | 3 | |
| Ancient Protector | 5 | |
31 total
» build order
00:21 Moon Well
00:28 Moon Well
01:03 Altar of Elders
01:20 Ancient of War
01:54 Ancient of War
02:24 Moon Well
03:27 Moon Well
04:22 Tree of Ages
04:59 Tree of Life
05:51 Hunter's Hall
06:50 Tree of Eternity
06:53 Ancient of Wind
07:00 Ancient of Wonders
07:11 Ancient of Wind
08:36 Moon Well
09:18 Chimaera Roost
09:47 Chimaera Roost
11:10 Chimaera Roost
12:55 Moon Well
14:55 Moon Well
14:59 Moon Well
15:18 Ancient Protector
15:58 Ancient Protector
16:20 Ancient Protector
16:40 Ancient Protector
16:48 Ancient Protector
24:35 Tree of Life
26:35 Moon Well
32:03 Moon Well
32:35 Ancient of Wonders
39:03 Altar of Elders
» items
| Scroll of Town Portal | 3 | |
| Orb of Venom | 1 | |
| Potion of Healing | 1 | |
5 total
ScalpTaker (
teal | 31 APM | 1295 actions | 41:37)
6 Blademaster
3 Wind Walk
2 Critical Strike
1 Bladestorm
» actions
| Assign group hotkey | 87 | |
| Basic commands | 33 | |
| Build / train | 58 | |
| Enter build submenu | 40 | |
| Enter hero's abilities submenu | 6 | |
| Give item / drop item | 4 | |
| Remove unit from queue | 1 | |
| Right click | 582 | |
| Select / deselect | 234 | |
| Select group hotkey | 168 | |
| Use ability | 82 | |
1295 total
» units
» upgrades
| Ranged Weapons | 3 | |
| Armor | 3 | |
| Reinforced Defenses | 1 | |
| Envenomed Spears | 1 | |
| Pillage | 1 | |
9 total
» buildings
| Orc Burrow | 6 | |
| Altar of Storms | 1 | |
| Barracks | 1 | |
| Voodoo Lounge | 1 | |
| Stronghold | 4 | |
| War Mill | 1 | |
| Great Hall | 4 | |
| Beastiary | 4 | |
| Fortress | 1 | |
| Watch Tower | 25 | |
48 total
» build order
00:12 Orc Burrow
00:52 Altar of Storms
00:53 Barracks
01:06 Orc Burrow
01:53 Voodoo Lounge
02:50 Stronghold
02:50 Stronghold
02:51 Stronghold
03:52 War Mill
04:20 Orc Burrow
04:49 Great Hall
05:37 Beastiary
05:40 Beastiary
08:58 Fortress
11:30 Great Hall
11:36 Watch Tower
11:37 Watch Tower
11:37 Watch Tower
11:38 Watch Tower
17:47 Watch Tower
17:48 Watch Tower
17:50 Watch Tower
17:51 Watch Tower
17:54 Watch Tower
17:57 Watch Tower
17:58 Watch Tower
18:09 Watch Tower
18:12 Watch Tower
18:13 Watch Tower
18:16 Beastiary
18:17 Beastiary
24:20 Great Hall
26:42 Orc Burrow
26:46 Orc Burrow
26:49 Orc Burrow
32:01 Great Hall
36:35 Watch Tower
36:35 Watch Tower
36:36 Watch Tower
36:37 Watch Tower
36:38 Watch Tower
36:38 Watch Tower
36:40 Watch Tower
36:40 Watch Tower
36:42 Watch Tower
36:46 Watch Tower
36:51 Watch Tower
» items
| Healing Salve | 3 | |
| Scroll of Town Portal | 1 | |
| Orb of Lightning | 1 | |
| Staff of Teleportation | 1 | |
| Boots of Speed | 1 | |
| Periapt of Vitality | 1 | |
8 total
Thatslife (
green | 21 APM | 709 actions | 33:00)
3 Keeper of the Grove
1 Force of Nature
1 Thorns Aura
1 Entangling Roots
4 Priestess of the Moon
2 Trueshot Aura
2 Searing Arrows
» actions
| Assign group hotkey | 3 | |
| Basic commands | 8 | |
| Build / train | 55 | |
| Enter build submenu | 13 | |
| Enter hero's abilities submenu | 8 | |
| Remove unit from queue | 1 | |
| Right click | 215 | |
| Select / deselect | 363 | |
| Select group hotkey | 1 | |
| Use ability | 41 | |
709 total
» units
» upgrades
| Abolish Magic | 1 | |
| Reinforced Hides | 2 | |
| Strength of the Wild | 2 | |
5 total
» buildings
| Altar of Elders | 1 | |
| Ancient of War | 1 | |
| Moon Well | 7 | |
| Tree of Ages | 1 | |
| Hunter's Hall | 1 | |
| Ancient of Lore | 3 | |
14 total
» build order
00:05 Altar of Elders
00:08 Ancient of War
00:11 Moon Well
02:49 Tree of Ages
03:28 Hunter's Hall
03:45 Moon Well
04:39 Moon Well
05:15 Ancient of Lore
05:19 Ancient of Lore
05:35 Moon Well
06:32 Moon Well
06:52 Ancient of Lore
08:09 Moon Well
09:30 Moon Well

»
Godeyesareuponu (
pink | 23 APM | 942 actions | 40:49)
6 Far Seer
3 Feral Spirit
2 Chain Lighting
1 Earth Quake
2 Tauren Chieftain
1 Endurance Aura
1 War Stomp
» actions
| Build / train | 133 | |
| Enter build submenu | 17 | |
| Enter hero's abilities submenu | 8 | |
| Give item / drop item | 2 | |
| Remove unit from queue | 1 | |
| Right click | 419 | |
| Select / deselect | 271 | |
| Use ability | 91 | |
942 total
» units
| Peon | 38 | |
| Troll Headhunter/Berserker | 40 | |
| Shaman | 19 | |
97 total
» upgrades
| Ranged Weapons | 1 | |
| Shaman Training | 2 | |
| Troll Regeneration | 1 | |
| Berserker Upgrade | 1 | |
| Reinforced Defenses | 1 | |
| Spiked Barricades | 1 | |
| Armor | 1 | |
8 total
» buildings
| War Mill | 1 | |
| Orc Burrow | 15 | |
| Altar of Storms | 2 | |
| Barracks | 4 | |
| Voodoo Lounge | 1 | |
| Stronghold | 1 | |
| Great Hall | 3 | |
| Spirit Lodge | 1 | |
| Fortress | 1 | |
29 total
» build order
00:34 War Mill
00:40 Orc Burrow
00:59 Altar of Storms
01:16 Barracks
01:49 Orc Burrow
02:13 Orc Burrow
02:58 Voodoo Lounge
03:51 Stronghold
06:03 Great Hall
06:22 Spirit Lodge
08:02 Fortress
08:25 Orc Burrow
08:26 Orc Burrow
08:28 Orc Burrow
08:29 Orc Burrow
08:30 Orc Burrow
08:32 Orc Burrow
16:12 Great Hall
17:57 Great Hall
20:36 Altar of Storms
20:40 Barracks
20:41 Barracks
20:43 Barracks
21:49 Orc Burrow
24:00 Orc Burrow
24:01 Orc Burrow
24:01 Orc Burrow
24:02 Orc Burrow
24:02 Orc Burrow
» items
| Boots of Speed | 1 | |
| Scroll of Town Portal | 7 | |
| Orb of Lightning | 2 | |
| Scroll of Speed | 2 | |
| Healing Salve | 1 | |
| Lesser Clarity Potion | 1 | |
14 total
team 2 (winner)
JacquesBreI (
purple | 107 APM | 4467 actions | 41:38)
10 Dark Ranger
3 Black Arrow
3 Silence
1 Charm
3 Life Drain
2 Tauren Chieftain
1 Endurance Aura
1 Shockwave
1 Death Knight
1 Unholy Aura
» actions
| Assign group hotkey | 96 | |
| Basic commands | 71 | |
| Build / train | 153 | |
| Enter build submenu | 53 | |
| Enter hero's abilities submenu | 13 | |
| Give item / drop item | 1 | |
| Right click | 2094 | |
| Select / deselect | 623 | |
| Select group hotkey | 1165 | |
| Use ability | 198 | |
4467 total
» units
| Peasant | 22 | |
| Footman | 4 | |
| Harpy Rogue | 17 | |
| Razormane Medicine Man | 5 | |
| Centaur Outrunner | 10 | |
| Harpy Windwitch | 16 | |
| Wind Rider | 2 | |
| Archer | 2 | |
| Troll Batrider | 2 | |
| Troll Witch Doctor | 1 | |
81 total
» upgrades
» buildings
| Farm | 10 | |
| Barracks | 1 | |
| Scout Tower | 14 | |
| Arcane Vault | 2 | |
| Lumber Mill | 1 | |
| Altar of Kings | 1 | |
| Town Hall | 3 | |
| Keep | 1 | |
| Blacksmith | 1 | |
| Guard Tower | 22 | |
| Castle | 4 | |
| Orc Burrow | 2 | |
| Altar of Storms | 2 | |
| Great Hall | 2 | |
| Stronghold | 2 | |
| Beastiary | 1 | |
| Tree of Life | 1 | |
| Moon Well | 1 | |
| Ancient of War | 2 | |
| Spirit Lodge | 1 | |
| Tree of Ages | 2 | |
| Voodoo Lounge | 1 | |
77 total
» build order
00:55 Farm
00:59 Barracks
01:20 Scout Tower
01:29 Farm
01:37 Arcane Vault
01:40 Arcane Vault
02:10 Farm
02:14 Lumber Mill
03:15 Altar of Kings
03:58 Farm
04:54 Town Hall
06:01 Keep
06:08 Farm
06:37 Blacksmith
07:05 Scout Tower
07:06 Scout Tower
07:07 Scout Tower
07:10 Scout Tower
07:11 Scout Tower
08:01 Guard Tower
08:01 Guard Tower
08:01 Guard Tower
08:56 Castle
08:56 Castle
08:56 Castle
09:51 Scout Tower
09:53 Scout Tower
10:17 Town Hall
10:20 Scout Tower
10:20 Scout Tower
10:57 Scout Tower
10:59 Scout Tower
11:19 Guard Tower
11:39 Guard Tower
11:40 Guard Tower
11:40 Guard Tower
12:00 Guard Tower
12:01 Guard Tower
12:19 Scout Tower
12:22 Scout Tower
13:12 Guard Tower
13:12 Guard Tower
13:13 Guard Tower
15:31 Farm
15:32 Farm
15:34 Farm
15:37 Farm
15:39 Farm
17:18 Guard Tower
17:18 Guard Tower
20:33 Orc Burrow
20:34 Altar of Storms
24:28 Great Hall
24:30 Orc Burrow
24:31 Altar of Storms
25:09 Guard Tower
25:09 Guard Tower
27:56 Stronghold
31:52 Beastiary
32:14 Tree of Life
33:02 Moon Well
33:55 Ancient of War
33:59 Ancient of War
34:08 Spirit Lodge
34:37 Tree of Ages
34:37 Tree of Ages
35:35 Great Hall
36:57 Voodoo Lounge
37:08 Town Hall
» items
| Scroll of Regeneration | 4 | |
| Lesser Clarity Potion | 7 | |
| Mechanical Critter | 2 | |
| Boots of Speed | 1 | |
| Staff of Teleportation | 1 | |
| Scroll of Town Portal | 4 | |
| Potion of Mana | 3 | |
22 total
RAMIZ-SPIC.BOY (
blue | 67 APM | 2793 actions | 41:37)
10 Death Knight
3 Death Coil
3 Unholy Aura
1 Animate Dead
3 Death Pact
1 Lich
1 Dark Ritual
» actions
| Assign group hotkey | 85 | |
| Basic commands | 10 | |
| Build / train | 97 | |
| Enter build submenu | 19 | |
| Enter hero's abilities submenu | 11 | |
| Give item / drop item | 1 | |
| Remove unit from queue | 3 | |
| Right click | 1260 | |
| Select / deselect | 323 | |
| Select group hotkey | 856 | |
| Use ability | 128 | |
2793 total
» units
| Acolyte | 14 | |
| Ghoul | 5 | |
| Crypt Fiend | 8 | |
| Gargoyle | 16 | |
| Frost Wyrm | 6 | |
49 total
» upgrades
| Creature Attack | 3 | |
| Creature Carapace | 3 | |
| Web | 1 | |
| Freezing Breath | 1 | |
| Stone Form | 1 | |
9 total
» buildings
| Graveyard | 1 | |
| Crypt | 2 | |
| Altar of Darkness | 1 | |
| Ziggurat | 6 | |
| Tomb of Relics | 1 | |
| Nerubian Tower | 1 | |
| Necropolis | 2 | |
| Halls of the Dead | 2 | |
| Spirit Tower | 2 | |
| Black Citadel | 1 | |
| Sacrificial Pit | 1 | |
| Boneyard | 2 | |
22 total
» build order
00:09 Graveyard
00:15 Crypt
00:43 Altar of Darkness
01:01 Ziggurat
01:57 Tomb of Relics
02:03 Ziggurat
02:48 Nerubian Tower
04:06 Necropolis
05:07 Halls of the Dead
05:08 Halls of the Dead
05:40 Crypt
06:11 Ziggurat
06:11 Ziggurat
06:12 Ziggurat
07:29 Spirit Tower
07:33 Black Citadel
07:49 Sacrificial Pit
11:02 Boneyard
11:05 Boneyard
11:07 Ziggurat
16:06 Spirit Tower
30:13 Necropolis
» items
| Rod of Necromancy | 1 | |
| Staff of Teleportation | 1 | |
| Boots of Speed | 1 | |
| Potion of Lesser Invulnerability | 2 | |
| Orb of Corruption | 1 | |
| Scroll of Healing | 3 | |
| Scroll of Town Portal | 2 | |
| Potion of Healing | 1 | |
| Scroll of Regeneration | 1 | |
| Lesser Clarity Potion | 1 | |
| Potion of Mana | 1 | |
| Potion of Invisibility | 1 | |
16 total

»
tombstoneShadow (
orange | 32 APM | 305 actions | 09:25)
3 Death Knight
2 Death Coil
1 Unholy Aura
1 Lich
1 Frost Nova
» actions
| Assign group hotkey | 2 | |
| Basic commands | 14 | |
| Build / train | 27 | |
| ESC pressed | 7 | |
| Enter build submenu | 12 | |
| Enter hero's abilities submenu | 4 | |
| Remove unit from queue | 2 | |
| Right click | 106 | |
| Select / deselect | 106 | |
| Select group hotkey | 1 | |
| Use ability | 24 | |
305 total
» units
| Acolyte | 3 | |
| Ghoul | 2 | |
| Crypt Fiend | 7 | |
| Obsidian Statue | 2 | |
14 total
» upgrades
» buildings
| Crypt | 1 | |
| Ziggurat | 5 | |
| Graveyard | 1 | |
| Altar of Darkness | 1 | |
| Tomb of Relics | 1 | |
| Nerubian Tower | 1 | |
| Halls of the Dead | 1 | |
| Slaughterhouse | 1 | |
12 total
» build order
00:12 Crypt
00:15 Ziggurat
00:57 Graveyard
01:06 Altar of Darkness
01:39 Tomb of Relics
01:46 Nerubian Tower
01:51 Ziggurat
02:24 Nerubian Tower
04:11 Ziggurat
04:40 Halls of the Dead
06:46 Ziggurat
07:28 Slaughterhouse
08:32 Ziggurat
» items

»
iSmoketree (
red | 34 APM | 326 actions | 09:38)
2 Mountain King
1 Storm Bolt
1 Thunder Clap
» actions
| Basic commands | 13 | |
| Build / train | 26 | |
| Enter build submenu | 11 | |
| Enter hero's abilities submenu | 2 | |
| Right click | 113 | |
| Select / deselect | 135 | |
| Use ability | 26 | |
326 total
» units
| Peasant | 9 | |
| Footman | 6 | |
| Centaur Outrunner | 1 | |
16 total
» upgrades
| Defend | 1 | |
| Plating | 1 | |
| Gunpowder | 1 | |
| Swords | 1 | |
4 total
» buildings
| Farm | 5 | |
| Altar of Kings | 1 | |
| Barracks | 1 | |
| Arcane Vault | 1 | |
| Keep | 1 | |
| Castle | 1 | |
| Blacksmith | 1 | |
| Lumber Mill | 1 | |
| Workshop | 1 | |
13 total
» build order
00:16 Farm
00:33 Altar of Kings
00:54 Barracks
01:06 Farm
02:57 Arcane Vault
03:02 Keep
04:02 Farm
05:39 Castle
05:49 Blacksmith
07:11 Farm
07:45 Lumber Mill
08:14 Workshop
08:37 Farm
» items
Chat log
(00:09 / All) JacquesBreI: loadhack or are you on a toaster, green?
(00:27 / All) tombstoneShadow: i pooped on a toaster
(00:30 / All) tombstoneShadow: cookie crunch, nigga
(00:34 / Allies) tombstoneShadow: 100 g plz!
(01:10 / Allies) tombstoneShadow: eagerly awaiting my 100 gold..
(01:20 / All) RAMIZ-SPIC.BOY: hello, Celeb
(01:27 / Allies) tombstoneShadow: ty
(01:30 / All) Celebrieigil: wat up
(01:30 / Allies) tombstoneShadow: dem heady nugs
(01:35 / Allies) tombstoneShadow: wacha puffin on red
(01:37 / Allies) iSmoketree: lol all day
(01:42 / All) RAMIZ-SPIC.BOY: you are pretty good nervous to face you
(01:45 / Allies) tombstoneShadow: what strains on the roster for the day?
(01:58 / Allies) iSmoketree: known as great white og
(02:03 / Allies) tombstoneShadow: niiice
(02:08 / Allies) tombstoneShadow: i heard there's some of dat in philly
(02:09 / Allies) iSmoketree: delicious
(02:16 / All) Celebrieigil: nah im 49 percent
(02:17 / Allies) iSmoketree: im cuse
(02:28 / Allies) iSmoketree: syracuse that is
(02:29 / Allies) RAMIZ-SPIC.BOY: u guys are talking about food right? or over the counter drugs that is legal?
(02:32 / All) ScalpTaker: damn celebrieigil breaks out the false modesty
(02:33 / Allies) tombstoneShadow: i'm smokin some og too
(02:35 / Allies) tombstoneShadow: forgot what
(02:38 / Allies) JacquesBreI: it won't let me buy from this with the tower?
(02:38 / Allies) iSmoketree: lol
(02:39 / All) ScalpTaker: you blushin?
(02:40 / Allies) tombstoneShadow: something special..
(02:47 / Allies) tombstoneShadow: wildfirE?
(02:49 / All) Celebrieigil: lol
(02:49 / Allies) tombstoneShadow: whitefire**
(02:56 / All) RAMIZ-SPIC.BOY: wildfire from game of thrones
(02:58 / Allies) JacquesBreI: it won't highlight for me at all
(02:58 / Allies) JacquesBreI: wtf
(03:01 / Allies) JacquesBreI: they are all grey
(03:01 / Allies) tombstoneShadow: never watched..
(03:09 / Allies) RAMIZ-SPIC.BOY: wut
(03:11 / Allies) RAMIZ-SPIC.BOY: u need altar
(03:17 / Allies) JacquesBreI: SHIT lawl
(03:18 / All) ScalpTaker: work it make it do it makes us
(03:19 / Allies) JacquesBreI: I never go merc firstr
(03:23 / All) ScalpTaker: harder better faster stronger
(03:42 / All) ScalpTaker: work it harder make it better do it faster makes us stronger
(03:54 / All) tombstoneShadow: works' never over nigg
(04:48 / All) RAMIZ-SPIC.BOY: hope katy perry does okay at the super bowl half time show
(04:54 / Allies) iSmoketree: blue
(05:08 / All) ScalpTaker: she's a nigger fucker
(05:20 / All) ScalpTaker: was shacking up with a high yella
(05:45 / Allies) tombstoneShadow: oj crushin it crushin it
(05:46 / Allies) tombstoneShadow: flossin it
(07:25 / Allies) iSmoketree: lumber for gold
(07:30 / Allies) tombstoneShadow: dang
(07:44 / Allies) tombstoneShadow: run to me
(07:45 / Allies) tombstoneShadow: green
(08:03 / Allies) tombstoneShadow: blue purp
(08:06 / Allies) tombstoneShadow: ur fault we don't control map atm
(08:43 / Allies) RAMIZ-SPIC.BOY: tp
(08:53 / Allies) tombstoneShadow: fucking noob blue
(09:15 / Allies) tombstoneShadow: red right her edog
(09:19 / All) tombstoneShadow: what a trash team
(09:26 / All) ScalpTaker: you're trash
(09:32 / All) JacquesBreI: wtf
(09:45 / All) JacquesBreI: fucking god dammit
(12:11 / Allies) JacquesBreI: gold
(12:20 / Allies) JacquesBreI: ty
(12:39 / Allies) JacquesBreI: inc at red
(15:21 / All) JacquesBreI: this is actually pretty good
(17:07 / All) ScalpTaker: he bailed and left green hanging
(17:28 / All) JacquesBreI: this is a sick build
(17:34 / Allies) JacquesBreI: qwait for me
(18:31 / All) ScalpTaker: those thing see invis units?
(18:39 / All) JacquesBreI: faerie fire harpy
(18:41 / All) JacquesBreI: autocast
(18:47 / All) RAMIZ-SPIC.BOY: wow
(18:48 / All) ScalpTaker: I'm not faery fired
(18:50 / All) RAMIZ-SPIC.BOY: his merc army raped
(18:52 / All) JacquesBreI: not sure then
(18:58 / All) ScalpTaker: shade?
(19:12 / All) JacquesBreI: oh
(19:13 / All) JacquesBreI: yeah
(19:14 / All) JacquesBreI: jake has one
(19:30 / All) RAMIZ-SPIC.BOY: sorry lawl
(19:40 / All) RAMIZ-SPIC.BOY: i bought it cuz pink fs had cloak
(19:50 / All) JacquesBreI: time to get my 2nd race
(20:15 / All) RAMIZ-SPIC.BOY: ur army does pawn
(20:17 / All) RAMIZ-SPIC.BOY: i swear
(20:19 / All) RAMIZ-SPIC.BOY: its sweet
(20:22 / All) JacquesBreI: I need to get these harpies more
(20:25 / All) JacquesBreI: they are actually really good
(22:04 / All) RAMIZ-SPIC.BOY: u are a great playe rgreen
(22:32 / All) JacquesBreI: the mana regen on medicine men is horrible
(22:43 / All) ScalpTaker: need an arch mage
(22:56 / All) JacquesBreI: rather get DR for charm
(22:58 / All) JacquesBreI: maybe am as second hero
(23:04 / All) JacquesBreI: kill the towers at bot mid expo
(23:05 / All) ScalpTaker: I mean for them to be effective
(23:13 / All) Celebrieigil: teal has 15000 gold
(23:25 / All) JacquesBreI: DR has bad mana regen too
(23:41 / All) JacquesBreI: NO MY ROC SHIT IF FORGOT ABOUT
(23:42 / All) JacquesBreI: orc
(25:34 / All) ScalpTaker: god I am rolling in the deep
(26:41 / All) Thatslife: teal has 20000 gold
(26:43 / All) Thatslife: lol
(26:53 / All) Thatslife: he aint give a shit
(26:54 / All) Thatslife: gg
(27:00 / All) JacquesBreI: I need to get me some of dem night elf air units
(27:31 / All) JacquesBreI: FUCK
(28:16 / Allies) JacquesBreI: don't kill them
(28:29 / Allies) JacquesBreI: I want to drag it out
(28:31 / Allies) JacquesBreI: and get orc shit
(29:09 / All) Thatslife: why so gay teal?
(29:19 / All) ScalpTaker: you asking me on a date?
(29:23 / All) Thatslife: yes
(29:24 / All) ScalpTaker: why so curious
(29:33 / All) Thatslife: i want you for your gold
(29:34 / All) ScalpTaker: I don't dip my paintbrush into that color sorry
(30:28 / All) JacquesBreI: tauren chieftain incoming
(30:51 / All) Thatslife: lawl
(30:54 / All) Thatslife: really?
(30:57 / All) JacquesBreI: yeah
(31:06 / All) ScalpTaker: yeppers
(31:08 / All) JacquesBreI: I love getting dr and merc army
(31:40 / All) Thatslife: to bad people feel the need to ruin a great game
(32:02 / All) Thatslife: and what a waste of time too
(32:06 / All) Thatslife: nothing better to do
(32:08 / All) Thatslife: gg guys
(32:17 / All) JacquesBreI: MANNER TREE
(32:27 / All) RAMIZ-SPIC.BOY: manner green
(32:31 / All) RAMIZ-SPIC.BOY: admit u were the lesser man
(33:07 / All) JacquesBreI: this is one of my favourite games in a while
(33:13 / All) Celebrieigil: ggteal suck hard
(33:19 / All) JacquesBreI: lmao
(33:24 / All) Celebrieigil: 30k
(33:43 / All) Celebrieigil: lol
(34:31 / All) JacquesBreI: the archer I charmed has survived all game
(34:32 / All) ScalpTaker: s
(34:40 / All) ScalpTaker: an s on the mini map
(34:48 / All) JacquesBreI: I'll get that stuff
(34:54 / All) JacquesBreI: omw
(35:00 / All) ScalpTaker: say something nice about me and I'll give you some gold
(35:19 / Allies) JacquesBreI: watch this
(35:23 / Allies) JacquesBreI: gold me
(35:24 / All) ScalpTaker: be that way
(35:54 / All) JacquesBreI: I have two wyverns
(35:57 / All) RAMIZ-SPIC.BOY: oh i thought it was over lalw
(37:28 / All) JacquesBreI: shit not sure I have yellow's army
(37:46 / All) RAMIZ-SPIC.BOY: ye si am
(38:02 / All) JacquesBreI: I think I do
(38:03 / All) JacquesBreI: actually
(38:10 / All) RAMIZ-SPIC.BOY: yes
(38:12 / Allies) RAMIZ-SPIC.BOY: chims are only threat
(38:54 / All) ScalpTaker: harpies are only good early and mid game I think
(38:57 / All) JacquesBreI: that was disastrous
(39:01 / All) JacquesBreI: and I have 93 gold
(39:19 / All) Celebrieigil: gg
(39:26 / All) JacquesBreI: not over
(39:44 / All) JacquesBreI: you should be more experienced with us by now
(40:05 / Allies) RAMIZ-SPIC.BOY: id just stay out and charm his shit
(40:08 / All) JacquesBreI: you can resurrect orc heroes from human alter
(40:42 / All) Celebrieigil: still was fun gtg
(40:51 / All) JacquesBreI: awesome match
(40:53 / All) ScalpTaker: lawl
(40:56 / All) JacquesBreI: 10/10
(40:58 / All) ScalpTaker: he knew he was about to get raped
(40:58 / All) JacquesBreI: who loses?
(41:12 / All) ScalpTaker: my team
(41:20 / All) ScalpTaker: celeb s a lil pus
(41:34 / All) ScalpTaker: he saw my wyverns heading his way lel